 Dungeon Crawl Stone Soup version 0.31-a0-1603-gbec6b6ccbf (webtiles) character file.

Game seed: 563229779139056729

2851 pokeman the Thaumaturge (level 9, -2/51 HPs)
             Began as a Deep Elf Hedge Wizard on Jan 8, 2024.
             Was an Initiate of Vehumet.
             Slain by a hellwing (10 damage)
             ... on level 7 of the Dungeon.
             The game lasted 00:16:26 (7536 turns).

pokeman the Thaumaturge (Deep Elf Hedge Wizard)     Turns: 7536, Time: 00:16:27

Health: -2/51      AC: 11    Str:  7    XL:     9   Next: 46%
Magic:  2/26       EV: 12    Int: 24    God:    Vehumet [......]
Gold:   114        SH:  0    Dex: 14    Spells: 19/30 levels left

rFire   + . .        t - +1 dagger (elec)
rCold   . . .        (no shield)
rNeg    . . .        y - +3 leather armour {rF+}
rPois   .            c - +0 hat
rElec   .            (no cloak)
rCorr   .            (no gloves)
SInv    .            z - +0 pair of boots
Will    .....        (no amulet)
Stlth   ++           o - +4 ring of protection
HPRegen 0.28/turn    (no ring)
MPRegen 0.20/turn

%: no passive effects
@: studying Summonings
A: no striking features
a: Renounce Religion


You were on level 7 of the Dungeon.
You worshipped Vehumet.
Vehumet was noncommittal.
You visited 1 branch of the dungeon, and saw 7 of its levels.

You collected 219 gold pieces.
You spent 105 gold pieces at shops.

Inventory:

Hand Weapons
 t - a +1 dagger of electrocution (weapon)
Missiles
 n - 3 curare-tipped darts
 p - 3 throwing nets
Armour
 c - a +0 hat (worn)
 v - the +0 pair of gloves of Hadjma {rPois Int-4 Dex+4}
   (You found it on level 5 of the Dungeon)

   Int-4:     It affects your intelligence (-4).
   Dex+4:     It affects your dexterity (+4).
   rPois:     It protects you from poison
 y - a +3 leather armour of fire resistance (worn)
 z - a +0 pair of boots (worn)
Magical Staves
 b - a staff of conjuration
Jewellery
 e - an amulet of guardian spirit
 o - a +4 ring of protection (left hand)
 q - a ring of ice
Scrolls
 g - 10 scrolls of identify
 k - a scroll of immolation {unknown}
 l - 2 scrolls of noise {unknown}
 m - 2 scrolls of fear {unknown}
 s - 2 scrolls of teleportation
 u - 2 scrolls of enchant armour {unknown}
 x - a scroll of blinking {unknown}
Potions
 a - 4 potions of curing {unknown}
 d - a potion of magic
 f - a potion of mutation {unknown}
 h - 3 potions of brilliance {unknown}
 i - 2 potions of haste {unknown}
 j - a potion of cancellation {unknown}
 r - a potion of heal wounds {unknown}
 w - a potion of resistance {unknown}


   Skills:
 + Level 3.3 Fighting
 - Level 3.0 Armour
 - Level 3.1 Dodging
 - Level 3.2 Stealth
 * Level 11.4 Spellcasting
 + Level 6.2 Conjurations
 + Level 4.9 Summonings
 - Level 1.1 Translocations
 - Level 1.0 Air Magic
 + Level 4.5 Earth Magic
 - Level 1.0 Alchemy
 - Level 1.0 Evocations


You had 19 spell levels left.
You knew the following spells:

 Your Spells              Type           Power      Damage    Failure   Level
a - Magic Dart            Conj           100%       1d8       1%          1
b - Mephitic Cloud        Conj/Alch/Air  27%        N/A       6%          3
c - Call Imp              Summ           74%        N/A       1%          2
d - Blink                 Tloc           38%        N/A       6%          2
e - Stone Arrow           Conj/Erth      78%        3d11      2%          3

Your spell library contained the following spells:

 Spells                   Type           Power      Damage    Failure   Level
 Sandblast                Erth           70%        2d15      1%          1
 Passwall                 Erth           35%        N/A       3%          3
 Slow                     Hex            52%        N/A       7%          1
 Cigotuvi's Dreadful Rot  Necr/Alch/Air  34%        N/A       8%          2
 Brom's Barrelling Bould  Conj/Erth      39%        2d6       8%          4
 Sigil of Binding         Hex            13%        N/A       21%         3
 Tukima's Dance           Hex            13%        N/A       21%         3
 Animate Dead             Necr           13%        N/A       54%         4
 Borgnjor's Vile Clutch   Necr/Erth      12%        N/A       58%         5
 Yara's Violent Unravell  Hex/Alch       8%         3d5       83%         5
 Death Channel            Necr           6%         N/A       100%        6


Dungeon Overview and Level Annotations

Branches:
Dungeon (7/15)
 Temple: D:4-7

Altars:
Cheibriados
Okawaru
Ru
Trog
Vehumet
Xom

Shops:
D:5 ?


Message History

The hellwing misses you. The hellwing hits you.
You see here a +0 halberd.
You aren't carrying any items that you can evoke.
You hit the hellwing but do no damage.
The hellwing is almost dead.
The white imp summons a swarm of flies.
The white imp hits you but does no damage.
The gnoll barely misses you. The hellwing hits you!
The hellwing barely misses you.
Unknown command.
You hit the hellwing but do no damage.
The hellwing is almost dead.
The gnoll hits you from afar with a +0 spear.
The white imp hits you. The white imp freezes you. The hellwing hits you.
The hellwing hits you but does no damage.
Unknown command.
You hit the hellwing but do no damage.
The hellwing is almost dead.
The gnoll hits you but does no damage.
The white imp hits you but does no damage.
The hellwing closely misses you. The hellwing barely misses you.
Unknown command.
The hellwing hits you. The hellwing closely misses you.
Unknown command.
The shadow imp shouts, "Out, out, thou dandy base-court surfacer!"
The hellwing hits you.
* * * LOW HITPOINT WARNING * * *
The hellwing hits you.
* * * LOW HITPOINT WARNING * * *
Unknown command.
You closely miss the hellwing.
The hellwing is almost dead.
The hellwing barely misses you.
The hellwing hits you but does no damage.
The white imp misses you.
Unknown command.
You hit the hellwing but do no damage.
The hellwing is almost dead.
The hellwing hits you!
You die...

....8.. ......8
.8.8.8. ...8...
....... #.....###
#.g5## ###55###
##4@.###
##))....## #.
#..).....###...
##......#...#..
#.......##......
##.......#...####
#.......)...##
##..........##
#.........<.#


You could see a hellwing, a gnoll, 2 white imps and a shadow imp.

Vanquished Creatures
  A centaur zombie (D:7)
  Sigmund (D:2)
  Eustachio (D:6)
  Duvessa (D:4)
  A black bear (D:5)
  A sky beast (D:6)
  2 ogres
  2 centaurs (D:5)
  2 phantoms
  A kobold brigand (D:5)
  A scorpion (D:3)
  5 wights (D:6)
  Dowan (D:4)
  3 jellies
  A bombardier beetle (D:3)
  4 hounds
  3 orc priests
  2 gnoll boudas
  2 sleepcaps
  7 iguanas
  4 orc wizards
  9 gnolls
  8 adders
  2 white imps (D:6)
  5 dart slugs
  A ribbon worm (D:2)
  16 orcs
  5 endoplasms
  3 giant cockroaches
  6 goblins
  5 hobgoblins
  5 jackals
  4 quokkas
  11 ball pythons
  8 bats
  A frilled lizard (D:1)
  10 kobolds
  2 rats
147 creatures vanquished.

Vanquished Creatures (collateral kills)
  A giant cockroach (D:2)
  A kobold (D:2)
2 creatures vanquished.

Grand Total: 149 creatures vanquished

Notes
Turn   | Place    | Note
-------+----------+-------------------------------------------
     0 | D:1      | pokeman the Deep Elf Hedge Wizard began the quest for the
                  | Orb.
     0 | D:1      | Reached XP level 1. HP: 10/10 MP: 7/7
   474 | D:1      | Reached XP level 2. HP: 16/16 MP: 4/9
   952 | D:1      | Reached skill level 5 in Spellcasting
  1191 | D:1      | Reached XP level 3. HP: 20/20 MP: 8/11
  1195 | D:1      | Learned a level 3 spell: Mephitic Cloud
  1198 | D:1      | Learned a level 2 spell: Call Imp
  1201 | D:1      | Learned a level 2 spell: Blink
  1572 | D:2      | Noticed Sigmund
  1589 | D:2      | Killed Sigmund
  1590 | D:2      | Reached skill level 1 in Fighting
  1590 | D:2      | Reached skill level 1 in Armour
  1590 | D:2      | Reached skill level 6 in Spellcasting
  1590 | D:2      | Reached XP level 4. HP: 9/25 MP: 11/14
  1590 | D:2      | Reached XP level 5. HP: 10/29 MP: 11/15
  2190 | D:2      | Found a faded altar of an unknown god.
  2824 | D:3      | Reached XP level 6. HP: 29/35 MP: 6/17
  3068 | D:3      | Reached skill level 7 in Spellcasting
  3380 | D:3      | Found a bloodstained altar of Trog.
  3381 | D:3      | Found a shimmering altar of Xom.
  3662 | D:3      | Found a snail-covered altar of Cheibriados.
  3908 | D:4      | Found a sacrificial altar of Ru.
  4027 | D:4      | Reached skill level 1 in Alchemy
  4027 | D:4      | Reached XP level 7. HP: 36/39 MP: 11/20
  4118 | D:4      | Reached skill level 1 in Air Magic
  4369 | D:4      | Reached skill level 8 in Spellcasting
  4439 | D:4      | Learned a level 3 spell: Stone Arrow
  4445 | D:4      | Noticed Dowan
  4447 | D:4      | Noticed Duvessa
  4452 | D:4      | Killed Dowan
  4460 | D:4      | Killed Duvessa
  4461 | D:4      | Reached skill level 1 in Earth Magic
  4461 | D:4      | Reached skill level 1 in Evocations
  4954 | D:4      | You fall into a shaft and drop 2 floors!
  5087 | D:5      | Entered Level 5 of the Dungeon
  5087 | D:5      | Found Macsest's Magic Scroll Shop.
  5090 | D:5      | Bought a scroll of teleportation for 45 gold pieces
  5090 | D:5      | Bought a scroll of identify for 30 gold pieces
  5090 | D:5      | Bought a scroll of identify for 30 gold pieces
  5281 | D:5      | Reached skill level 9 in Spellcasting
  5281 | D:5      | Reached XP level 8. HP: 44/44 MP: 16/23
  5349 | D:5      | Reached skill level 5 in Conjurations
  5672 | D:5      | Identified the +0 pair of gloves of Hadjma {rPois Int-4
                  | Dex+4}
  5875 | D:5      | Reached skill level 10 in Spellcasting
  6418 | D:6      | Noticed Eustachio
  6434 | D:6      | Killed Eustachio
  6469 | D:6      | Found an iron altar of Okawaru.
  6557 | D:6      | Reached XP level 9. HP: 49/49 MP: 21/25
  6673 | D:6      | Got the Incunable of Malisons
  7011 | D:6      | Reached skill level 11 in Spellcasting
  7257 | D:6      | Found a radiant altar of Vehumet.
  7265 | D:6      | Became a worshipper of Vehumet
  7519 | D:7      | Noticed a hellwing
  7536 | D:7      | Slain by a hellwing

Illustrated notes

Levels and vault maps discovered:
D:1:      dpeg_arrival_rooms_c, layout_basic
D:2:      layout_basic, ebering_ecumenical_altar_sacrificial, uniq_sigmund
D:3:      layout_loops_ring, slow_altar_2, mainiacjoe_overflow_divided_tiny
D:4:      minmay_door_path, layout_basic, nicolae_ru_awakened_eye,
          kennysheep_generic_room_15, uniq_duvessa
D:5:      layout_basic, serial_shops, nicolae_take_the_stairs,
          minmay_manual_mares
D:6:      layout_cave_pools, nicolae_vehumet_altar_sigil, lemuel_crystal_altar,
          serial_column_ruins, column_ruins_open_tiny, column_ruins_open_large,
          column_ruins_columns_corner, column_ruins_open_tiny,
          column_ruins_columns_corner, column_ruins_corridor_T,
          grunt_decor_fettered, minmay_misc_feat_more_columns, abandoned_shop,
          dk_noncrumbling_2, hangedman_abyss_or_decor_jellyfish_corner,
          uniq_eustachio
D:7:      cheibrodos_grave_circle, layout_cave_pods,
          nemelex_xobeh_ov_fountains_minmay, minmay_temple_entry_metal_lava

Skill      XL: |  1  2  3  4  5  6  7  8  9 |
---------------+----------------------------+-----
Spellcasting   | 5 6 7 9 10 11 | 11.4
Fighting       | 1 2 3 |  3.3
Armour         | 1 2 3 |  3.0
Conjurations   | 2 3 4 5 6 |  6.2
Stealth        | 3 |  3.2
Dodging        | 3 |  3.1
Alchemy        | 1 |  1.0
Air Magic      | 1 |  1.0
Earth Magic    | 2 3 4 |  4.5
Evocations     | 1 |  1.0
Summonings     | 3 4 |  4.9
Translocations | |  1.1

Action                     |  1- 3 |  4- 6 |  7- 9 || total
---------------------------+-------+-------+-------++-------
  Melee: Dagger            |    21 |    13 |    69 ||   103
         Hand axe          |       |     7 |       ||     7
         Short sword       |       |       |    47 ||    47
         Punch             |       |       |     2 ||     2
   Cast: Magic Dart        |    74 |   129 |   138 ||   341
         Mephitic Cloud    |     1 |     4 |    18 ||    23
         Call Imp          |       |     2 |     2 ||     4
         Stone Arrow       |       |       |    46 ||    46
   Stab: Confused          |     2 |     6 |    16 ||    24
 Armour: Robe              |    16 |    20 |    10 ||    46
         Leather armour    |       |       |   106 ||   106
  Dodge: Dodged            |    13 |    24 |   103 ||   140

Table legend: (Time is in decaauts)
 A = Elapsed time spent in this place.
 B = Non-inter-level travel time spent in this place.
 C = Inter-level travel time spent in this place.
 D = Time resting spent in this place.
 E = Time spent auto-exploring this place.
 F = Levels seen in this place.
 G = Mean time per level.
                   A        B        C        D        E       F      G
               +--------+--------+--------+--------+--------+-----+--------+
         Total |   7534 |   7343 |    191 |    179 |   6125 |   7 | 1076.3 |
       Dungeon |   7534 |   7343 |    191 |    179 |   6125 |   7 | 1076.3 |
               +--------+--------+--------+--------+--------+-----+--------+

Top non-repeatable levels by time:
     D:3: 1462 daAuts
     D:1: 1458 daAuts
     D:6: 1192 daAuts
     D:5: 1183 daAuts
     D:4: 1047 daAuts
     D:2: 985 daAuts
     D:7: 204 daAuts
